 Dungeon Crawl Stone Soup version bcrawl-1.21.2-1-g32d02e0829 (webtiles) character file.

Game seed: 9851994178020055463

18 Revguard the Sneak (level 2, -3/23 HPs)
             Began as a Gnoll Archaeologist on Feb 25, 2020.
             Slain by a worm (8 damage)
             ... on level 2 of the Dungeon.
             The game lasted 00:02:35 (1060 turns).

Revguard the Sneak (Gnoll Archaeologist)            Turns: 1060, Time: 00:02:35

Health: -3/23      AC:  5    Str: 13    XL:     2   Next: 70%
Magic:  2/2        EV: 15    Int: 16    God:
Gold:   100        SH:  0    Dex: 13    Spells: 2/2 levels left

rFire    . . .     SeeInvis .   a - +0 whip
rCold    . . .     Gourm    .   (no shield)
rNeg     . . .     Faith    .   b - +1 robe
rPois    .         Spirit   .   c - +1 hat
rElec    .         Reflect  .   (no cloak)
rCorr    .         Harm     .   (no gloves)
MR       .....                  n - +0 pair of boots {run}
Stlth    +++.......             (no amulet)
HPRegen  0.07/turn              (no ring)
MPRegen  0.08/turn              (no ring)

@: quick
A: distributed training, fangs 1, strong nose
a: no special abilities


You were on level 2 of the Dungeon.
You were not hungry.

You visited 1 branch of the dungeon, and saw 2 of its levels.

You collected 100 gold pieces.

Inventory:

Hand Weapons
 a - a +0 whip (weapon)
Armour
 b - a +1 robe (worn)
 c - a +1 hat (worn)
 d - a +1 pair of boots
 n - a +0 pair of boots of running (worn)
Scrolls
 g - a scroll of magic mapping
 i - a scroll of remove curse {unknown}
 j - a scroll of amnesia {unknown}
 m - 2 scrolls of identify {unknown}
 o - 3 scrolls of blinking {unknown}
Potions
 h - a potion of haste {unknown}
 k - 3 potions of ambrosia {unknown}
 l - a potion of curing {unknown}
Miscellaneous
 f - a dusty tome
Comestibles
 e - 7 rations {!d}


   Skills:
 + Level 2.5 Fighting
 + Level 0.5 Short Blades
 + Level 0.5 Long Blades
 + Level 0.5 Axes
 + Level 2.5 Maces & Flails
 + Level 0.5 Polearms
 + Level 0.5 Staves
 + Level 0.5 Slings
 + Level 0.5 Bows
 + Level 0.5 Crossbows
 + Level 0.5 Throwing
 + Level 0.5 Armour
 + Level 6.5 Dodging
 + Level 6.5 Stealth
 + Level 0.5 Shields
 + Level 0.5 Unarmed Combat
 + Level 0.5 Spellcasting
 + Level 0.3 Conjurations
 + Level 0.3 Hexes
 + Level 0.3 Charms
 + Level 0.3 Summonings
 + Level 0.3 Necromancy
 + Level 0.3 Translocations
 + Level 0.3 Transmutations
 + Level 0.3 Fire Magic
 + Level 0.3 Ice Magic
 + Level 0.3 Air Magic
 + Level 0.3 Earth Magic
 + Level 0.3 Poison Magic
 + Level 0.6 Invocations
 + Level 0.5 Evocations


You had 2 spell levels left.
You didn't know any spells.
Your spell library was empty.

Dungeon Overview and Level Annotations

Branches:
Dungeon (2/12)

Altars:


Innate Abilities, Weirdness & Mutations

Your experience applies equally to all skills.
You have very sharp teeth.
Your uncanny sense of smell can sniff out nearby items.


Message History

You kill the giant cockroach!
Found a ration.
e - 7 rations {!d} (gained 1) Wear which item? (? for menu, Esc to quit)
You start removing your armour.
You continue taking off your +1 pair of boots. x4
You finish taking off your +1 pair of boots.
You start putting on your armour.
You continue putting on your pair of glowing boots. x5
You finish putting on your +0 pair of boots of running.
You feel quick.
A rat and a worm come into view.
The worm bites you!
* * * LOW HITPOINT WARNING * * *
You hit the worm. You bite the worm, but do no damage.
The worm is moderately wounded.
You hit the worm.
The worm is moderately wounded.
The worm bites you!
You die...

..##.
#... #.#.
∆ ... #..
#r# #w#
#@# ∆ #.#
#.#
####.#
#....#
#.##.#
#####
#.##.#
##...
#.##.#
##...##
#....#
##.....##


You could see a worm and a rat.

Vanquished Creatures
  A leopard gecko (D:1)
  A bat (D:1)
  A giant cockroach (D:2)
  2 goblins (D:1)
  4 hobgoblins (D:1)
  3 kobolds (D:1)
  A ball python (D:1)
  4 rats
17 creatures vanquished.

Notes
Turn   | Place    | Note
-------+----------+-------------------------------------------
     0 | D:1      | Revguard the Gnoll Archaeologist began the quest for the
                  | Orb.
     0 | D:1      | Reached XP level 1. HP: 17/17 MP: 1/1
   464 | D:1      | Reached XP level 2. HP: 23/23 MP: 2/2
  1052 | D:2      | Identified a +0 pair of boots of running (You found it on
                  | level 2 of the Dungeon)
  1060 | D:2      | Slain by a worm

Action                   || total
-------------------------++-------
Melee: Whip              ||    57
       Bite              ||     4
 Stab: Sleeping          ||     9
Armor: Robe              ||     6
Dodge: Dodged            ||    28
